 Dungeon Crawl Stone Soup version 0.22-a0-422-g9628fc8 (webtiles) character file.

0 Borgoz the Skirmisher (level 1, -4/14 HPs)
             Began as a Gargoyle Abyssal Knight on May 17, 2018.
             Was a Follower of Lugonu.
             Slain by a thrashing horror (13 damage)
             ... on level 3 of the Abyss.
             The game lasted 00:00:50 (156 turns).

Borgoz the Skirmisher (Gargoyle Abyssal Knight)      Turns: 156, Time: 00:00:51

Health: -4/14      AC:  5    Str: 15    XL:     1   Next: 0%
Magic:  2/2        EV: 11    Int: 12    God:    Lugonu [*.....]
Gold:   10         SH:  0    Dex:  9    Spells: 0/0 levels left

rFire    . . .     SeeInvis .   a - +1 mace
rCold    . . .     Gourm    .   (no shield)
rNeg     + . .     Faith    .   b - +0 leather armour
rPois    ∞         Spirit   .   (no helmet)
rElec    +         Reflect  .   (no cloak)
rCorr    .         Harm     .   (no gloves)
MR       .....                  (no boots)
Stlth    +.........             (no amulet)
HPRegen  0.04/turn              (no ring)
MPRegen  0.08/turn              (no ring)

@: no status effects
A: negative energy resistance 1, electricity resistance, unbreathing,
petrification resistance, rot immunity, AC +2
a: Depart the Abyss, Renounce Religion


You were on level 3 of the Abyss.
You worshipped Lugonu.
Lugonu was aware of your devotion.
You were not hungry.

You visited 0 branches of the dungeon, and saw 0 of its levels.
You visited the Abyss 1 time.

You collected 10 gold pieces.

Inventory:

Hand Weapons
 a - a +1 mace (weapon)
Armour
 b - a +0 leather armour (worn)
 g - a +0 plate armour
Scrolls
 d - a scroll of teleportation {unknown}
 f - a scroll of identify {unknown}
Miscellaneous
 e - a sack of spiders
Comestibles
 c - 2 rations


   Skills:
 + Level 3.2 Fighting
 + Level 2.0 Maces & Flails
 + Level 2.1 Armour
 + Level 0.7 Dodging
 + Level 2.0 Invocations


You couldn't memorise any spells.
You didn't know any spells.
Your spell library was empty.

Dungeon Overview and Level Annotations

Branches:
Dungeon (0/15)

Altars:


Innate Abilities, Weirdness & Mutations

You are resistant to torment.
Your stone body is resilient. (AC +2)
You are immune to poison.
You resist negative energy. (rN+)
You are resistant to electric shocks. (rElec)
You can survive without breathing.
You are immune to petrification.
You are immune to rotting.


Message History

f - a scroll labeled NIWAIH NOTA You see here a plate armour.
g - a plate armour A frost giant zombie comes into view.
Found a gateway leading deeper into the Abyss.
Found 15 stones.
There is a gateway leading deeper into the Abyss here.
You plunge deeper into the Abyss.
The abyssal rune of Zot can be found at this depth.
Found a gateway leading deeper into the Abyss.
Found a stone.
A thrashing horror comes into view.
The thrashing horror moves out of view.
Found 21 gold pieces and 25 stones.
Found a stone.
The thrashing horror tramples you.
You stumble backwards!
The thrashing horror roars!
The thrashing horror tramples you!
Ouch! That really hurt!
You die...

.......#... ... .
.#..#.+........#.
≈##......#..........
(.#..............#
##(.. ..............
..#.##.>#..........
#......#..........
#..#.@.........#
≈##.#...X.###..#.##..
#$(..................
#...#..#....#....##.#
(.....##..#.......#
..##.........#.....
#....#...#..#. ...
#.#........#...#...
............#... .#


You could see a thrashing horror.

Vanquished Creatures (others)
  2 starspawn tentacles (Abyss:2)
2 creatures vanquished.

Notes
Turn   | Place    | Note
-------+----------+-------------------------------------------
     0 | Abyss:1  | Borgoz the Gargoyle Abyssal Knight began the quest for the Orb.
     0 | Abyss:1  | Reached XP level 1. HP: 14/14 MP: 2/2
   103 | Abyss:2  | Noticed a tentacled starspawn
   136 | Abyss:2  | Noticed a small abomination
   137 | Abyss:2  | Noticed a frost giant zombie
   153 | Abyss:3  | Noticed a thrashing horror
   156 | Abyss:3  | Slain by a thrashing horror

Vault maps used:
Abyss:1:  guppyfry_abyss_exit_glass_guarded
Abyss:2:  hangedman_abyss_river_spirits
Abyss:3:  minivault_25, hangedman_abyss_monster_moat,
          hangedman_stitches_earthworm

Table legend:
 A = Spawn XP
 B = Non-spawn XP
 C = Spawn XP percentage of total XP
 D = Spawn monster count
 E = Non-spawn monster count
 F = Spawn count percentage of total count
 G = Total turns spent on level
                    A         B        C        D         E        F      G
               +---------+---------+-------+---------+---------+-------+---------
         Total |       0 |       0 |   N/A |       0 |       0 |   N/A |   156
               +---------+---------+-------+---------+---------+-------+---------
               +---------+---------+-------+---------+---------+-------+---------
